 Dungeon Crawl Stone Soup version 0.31.0-12-g77e489cdc1 (console) character file.

Game seed: 14975970253836412997

177 Piptro the Shield-Bearer (level 5, 0/42 HPs)
             Began as a Formicid Fighter on Mar 1, 2024.
             Slain by a bombardier beetle (3 damage)
             ... on level 3 of the Dungeon on Mar 4, 2024.
             The game lasted 00:18:13 (2402 turns).

Piptro the Shield-Bearer (Formicid Fighter)         Turns: 2402, Time: 00:18:13

Health: 0/42       AC:  7    Str: 23    XL:     5   Next: 87%
Magic:  5/5        EV:  9    Int:  7    God:
Gold:   94         SH:  5    Dex: 13    Spells: 4/4 levels left

rFire   . . .        a - +0 war axe
rCold   . . .        c - +0 buckler
rNeg    . . .        b - +0 scale mail
rPois   .            (helmet unavailable)
rElec   .            (no cloak)
rCorr   .            (no gloves)
SInv    +            (no boots)
Will    .....        f - amulet of the acrobat Stlth
                     (no ring)
HPRegen 0.27/turn    (no ring)
MPRegen 0.09/turn

%: acrobat
@: on fire, glowing
A: permanent stasis, dig shafts and tunnels, antennae 3, four strong arms
a: Dig, Shaft Self


You were on level 3 of the Dungeon.
You visited 1 branch of the dungeon, and saw 3 of its levels.

You collected 94 gold pieces.

Inventory:

Hand Weapons
 a - a +0 war axe (weapon)
Missiles
 g - 2 javelins
Armour
 b - a +0 scale mail (worn)
 c - a +0 buckler (worn)
Jewellery
 f - an amulet of the acrobat (around neck)
Scrolls
 h - a scroll of identify
Potions
 d - 2 potions of might


   Skills:
 - Level 4.2 Fighting
 - Level 3.1 Axes
 + Level 4.4 Armour
 + Level 5.3 Shields


You had 4 spell levels left.
You didn't know any spells.
Your spell library contained the following spells:

 Spells                   Type           Power      Damage    Failure   Level
 Ensorcelled Hibernation  Hex/Ice        0%         N/A       90%         2
 Passwall                 Erth           0%         N/A       99%         3
 Brom's Barrelling Bould  Conj/Erth      0%         2d3       100%        4
 Fireball                 Conj/Fire      0%         3d3       100%        5
 Iskenderun's Battlesphe  Conj           0%         2d6       100%        5
 Conjure Ball Lightning   Conj/Air       0%         3x3d6     100%        6
 Orb of Destruction       Conj           0%         9d5       100%        7
 Swiftness                Air            Unusable   N/A       N/A         3

Dungeon Overview and Level Annotations

Branches:
Dungeon (3/15)

Altars:


Innate Abilities, Weirdness & Mutations

You cannot be hasted, slowed, berserked, paralysed or teleported.
You can dig through walls and to a lower floor.
You have a pair of large antennae on your head. (SInv)
Your four strong arms can wield two-handed weapons with a shield.


Message History

The liquid fire burns you! The bombardier beetle bites you.
You completely miss the bombardier beetle.
The bombardier beetle is heavily wounded.
The liquid fire burns you!
The bombardier beetle closely misses you.
You hit the bombardier beetle.
The bombardier beetle is heavily wounded.
The liquid fire burns you!
The bombardier beetle sprays incendiary fluid at you.
The burning spray hits you.
You are covered in liquid fire!
You block the bombardier beetle's attack.
You feel much better. The liquid fire burns you!
You slash the bombardier beetle!
You kill the bombardier beetle!
The liquid fire burns you! The quokka bites you.
An adder comes into view.
You shake off some of the fire as you move.
The liquid fire burns you!
You hit the quokka.
You kill the quokka!
The liquid fire burns you!
You closely miss the bombardier beetle. The liquid fire burns you!
A ball python comes into view.
You hit the bombardier beetle but do no damage.
You closely miss the adder. The liquid fire burns you!
* * * LOW HITPOINT WARNING * * *
The adder bites you but does no damage.
The bombardier beetle bites you but does no damage.
The adder barely misses you.
You closely miss the bombardier beetle. You miss the adder.
The liquid fire burns you!
* * * LOW HITPOINT WARNING * * *
The adder bites you but does no damage. The bombardier beetle bites you.
You die...

.. .. #... ... #. .#....## ....#.
....... ....#.#...S...#.. ..
##### ........#..##...# #.# ....#
...........##...# ..# ....#
###..B#........##..# ....#
#...#S@......#.#...# ....###
#.....#........#.# .........
#...#...###......#.#
....##....#.####..##.......#.###
....##.........(........#......#
..........#.####...[..........###
.....#..... #.....#.#..........#
.....#..........................#
...........................†.....


You could see a bombardier beetle, an adder and a ball python.

Vanquished Creatures
  A bombardier beetle (D:3)
  A hound (D:3)
  An iguana (D:2)
  2 adders
  A ribbon worm (D:2)
  3 dart slugs
  4 orcs (D:3)
  4 endoplasms
  4 giant cockroaches
  3 hobgoblins
  3 kobolds
  5 quokkas
  7 ball pythons
  3 bats (D:2)
  2 frilled lizards
  4 goblins
  3 rats
51 creatures vanquished.

Notes
Turn   | Place    | Note
-------+----------+-------------------------------------------
     0 | D:1      | Piptro the Formicid Fighter began the quest for the Orb.
     0 | D:1      | Reached XP level 1. HP: 18/18 MP: 1/1
   352 | D:1      | Reached XP level 2. HP: 20/24 MP: 2/2
  1191 | D:2      | Reached XP level 3. HP: 26/30 MP: 3/3
  1578 | D:2      | Reached XP level 4. HP: 37/37 MP: 4/4
  2353 | D:3      | Reached skill level 5 in Shields
  2353 | D:3      | Reached XP level 5. HP: 34/42 MP: 5/5
  2402 | D:3      | Slain by a bombardier beetle

Illustrated notes

Levels and vault maps discovered:
D:1:      dpeg_arrival_shrine, layout_loops_ring, serial_rivers,
          chequers_serial_rivers_micro_d, chequers_serial_rivers_small_a,
          chequers_serial_rivers_micro_d, chequers_serial_rivers_micro_a,
          chequers_serial_rivers_small_b, chequers_serial_rivers_small_a,
          nicolae_houndstooth_variations
D:2:      layout_basic
D:3:      layout_rooms, kennysheep_generic_room_6

Skill      XL: |  1  2  3  4 |
---------------+-------------+-----
Fighting       | 4 |  4.2
Axes           | 3 |  3.1
Armour         | 4 |  4.4
Shields        | 5 |  5.3

Action                     |  1- 3 |  4- 6 || total
---------------------------+-------+-------++-------
  Melee: War axe           |    93 |    58 ||   151
    Use: Scroll            |     2 |     1 ||     3
         Potion            |       |     1 ||     1
 Armour: Scale mail        |    71 |    37 ||   108
  Dodge: Dodged            |    57 |    29 ||    86
  Block: Buckler           |    30 |    13 ||    43
